 Dungeon Crawl Stone Soup version 0.30-a0-956-gcec3b41aec (webtiles) character file.

Game seed: 10895688747762248082

73 vishdafish the Conjurer (level 4, 30/30 HPs)
             Began as a Demonspawn Conjurer on Mar 29, 2023.
             Quit the game on level 2 of the Dungeon.
             The game lasted 00:01:08 (1221 turns).

vishdafish the Conjurer (Demonspawn Conjurer)       Turns: 1221, Time: 00:01:09

Health: 30/30      AC:  2    Str:  7    XL:     4   Next: 8%
Magic:  3/8        EV: 12    Int: 22    God:
Gold:   117        SH:  0    Dex: 11    Spells: 8/9 levels left

rFire   . . .      SeeInvis .    h - +2 dagger (speed)
rCold   . . .      Faith    .    (no shield)
rNeg    . . .      Spirit   .    a - +0 robe
rPois   .          Reflect  .    (no helmet)
rElec   .          Rampage  .    (no cloak)
rCorr   .                        (no gloves)
Will    .....                    (no boots)
Stlth   ++                       (no amulet)
HPRegen 0.25/turn                (no ring)
MPRegen 0.11/turn                (no ring)

@: no status effects
A: foul stench 1, sanguine armour 1
a: no special abilities


You were on level 2 of the Dungeon.
You visited 1 branch of the dungeon, and saw 2 of its levels.

You collected 117 gold pieces.

Inventory:

Hand Weapons
 h - a +2 dagger of speed (weapon)
Missiles
 e - 2 curare-tipped darts
Armour
 a - a +0 robe (worn)
Scrolls
 d - 2 scrolls of teleportation {unknown}
 g - a scroll of enchant weapon {unknown}
 i - 3 scrolls of enchant armour {unknown}
 j - 2 scrolls of identify {unknown}
Potions
 b - a potion of magic
 c - a potion of curing {unknown}
 f - 2 potions of heal wounds {unknown}


   Skills:
 - Level 1.9 Dodging
 - Level 2.0 Stealth
 + Level 3.1 Spellcasting
 + Level 4.8 Conjurations


You had 8 spell levels left.
You knew the following spells:

 Your Spells              Type           Power      Damage    Failure   Level
a - Magic Dart            Conj           96%        1d7       1%          1

Your spell library contained the following spells:

 Spells                   Type           Power      Damage    Failure   Level
 Searing Ray              Conj           48%        2d6       2%          2
 Kiss of Death            Conj/Necr      56%        2d9       4%          1
 Dazzling Flash           Conj/Hex       28%        N/A       14%         3
 Cigotuvi's Dreadful Rot  Necr/Pois/Air  6%         N/A       19%         2
 Lesser Beckoning         Tloc           6%         N/A       19%         2
 Poisonous Vapours        Pois/Air       6%         N/A       19%         2
 Mephitic Cloud           Conj/Pois/Air  10%        N/A       19%         3
 Confusing Touch          Hex            3%         N/A       36%         3
 Gell's Gravitas          Tloc           3%         N/A       36%         3
 Teleport Other           Tloc           3%         N/A       36%         3
 Fulminant Prism          Conj/Hex       7%         3d6       41%         4
 Iskenderun's Mystic Bla  Conj/Tloc      14%        2d5       41%         4
 Dispel Undead            Necr           3%         3d7       77%         4


Dungeon Overview and Level Annotations

Branches:
Dungeon (2/15)

Altars:
Uskayaw

Shops:
D:1 [


Innate Abilities, Weirdness & Mutations

You may rarely emit foul miasma when damaged in melee.
When seriously injured, your blood forms armour. (AC +0)


Message History

A frilled lizard is nearby!
A frilled lizard is nearby!
You miscast Magic Dart.
You are very lightly contaminated with residual magic.
Nothing appears to happen.
Magical energy flows into your mind!
The frilled lizard hisses angrily.
The magic dart hits the frilled lizard.
You kill the frilled lizard!
You can't see any susceptible monsters within range! (Use Z to cast anyway.)
You can't see any susceptible monsters within range! (Use Z to cast anyway.)
Your magical contamination has completely faded away.
A kobold comes into view. It is wielding a +0 dagger.
Found an escape hatch in the ceiling.
A kobold is nearby!
A kobold is nearby!
A kobold is nearby!
A kobold is nearby!
The magic dart hits the kobold!
You kill the kobold!
You can't see any susceptible monsters within range! (Use Z to cast anyway.)
You can't see any susceptible monsters within range! (Use Z to cast anyway.)
Found a stone staircase leading down.
Found a hide-covered altar of Uskayaw.
You see here a +0 dagger.
Found a stone staircase leading up.
An adder and a worm come into view.
There is a stone staircase leading up here.
The magic dart hits the adder.
The adder is moderately wounded.
The adder hisses angrily.
The magic dart hits the adder.
The adder is severely wounded.
The magic dart hits the adder.
The adder is almost dead.
The magic dart hits the adder.
You kill the adder!
You have reached level 4!
You feel clever.
Your demonic ancestry asserts itself...
You begin to emit a foul stench of rot and decay.
Are you sure you want to abandon this character and quit the game? (Confirm with "yes".)

#####.......#### ......
#..............## ......
#......._...#... ......
#....#......#.#. ......
##............# ......
####......#### ......
#.#....# ...... #.#.##.#
###... #.#@...# ####
#†.?.#.# ...........
.########
.......................#
...........w...........#
..........#............#
..........#............#
..........# ............
.........


You could see a worm.

Vanquished Creatures
  5 adders (D:2)
  2 dart slugs (D:1)
  2 endoplasms (D:1)
  3 goblins
  3 hobgoblins
  3 kobolds
  4 ball pythons (D:2)
  2 frilled lizards (D:2)
  2 rats
26 creatures vanquished.

Notes
Turn   | Place    | Note
-------+----------+-------------------------------------------
     0 | D:1      | vishdafish the Demonspawn Conjurer began the quest for the
                  | Orb.
     0 | D:1      | Reached XP level 1. HP: 13/13 MP: 3/3
   202 | D:1      | Found Doguasil's Armour Shop.
   344 | D:1      | Gained mutation: When seriously injured, your blood forms
                  | armour. (AC +0) [demonic ancestry]
   344 | D:1      | Reached XP level 2. HP: 19/19 MP: 1/5
   623 | D:1      | You fall into a shaft and drop 1 floor!
   686 | D:2      | Found a faded altar of an unknown god.
   744 | D:2      | Reached XP level 3. HP: 23/24 MP: 2/6
  1202 | D:2      | Found a hide-covered altar of Uskayaw.
  1221 | D:2      | Gained mutation: You may rarely emit foul miasma when
                  | damaged in melee. [demonic ancestry]
  1221 | D:2      | Reached XP level 4. HP: 30/30 MP: 3/8
  1221 | D:2      | Quit the game

Illustrated notes

Levels and vault maps discovered:
D:1:      minmay_arrival_doors, layout_loops_cross, serial_shops, shop
D:2:      layout_basic, basic_altar, nicolae_ecumenical_snake_handling,
          serial_bayou_pond_c, kennysheep_generic_room_10

Skill      XL: |  1  2  3 |
---------------+----------+-----
Stealth        | 2 |  2.0
Spellcasting   | 3 |  3.1
Dodging        | |  1.9
Conjurations   | |  4.8

Action                     |  1- 3 |  4- 6 || total
---------------------------+-------+-------++-------
  Melee: Unarmed           |    23 |       ||    23
         Dagger            |     6 |       ||     6
   Cast: Magic Dart        |    49 |       ||    49
 Armour: Robe              |     9 |       ||     9
  Dodge: Dodged            |    17 |       ||    17

Table legend: (Time is in decaauts)
 A = Elapsed time spent in this place.
 B = Non-inter-level travel time spent in this place.
 C = Inter-level travel time spent in this place.
 D = Time resting spent in this place.
 E = Time spent auto-exploring this place.
 F = Levels seen in this place.
 G = Mean time per level.
                   A        B        C        D        E       F      G
               +--------+--------+--------+--------+--------+-----+--------+
         Total |   1222 |   1207 |     15 |      0 |   1067 |   2 |  611.0 |
       Dungeon |   1222 |   1207 |     15 |      0 |   1067 |   2 |  611.0 |
               +--------+--------+--------+--------+--------+-----+--------+

Top non-repeatable levels by time:
     D:1: 623 daAuts
     D:2: 599 daAuts
